 Dungeon Crawl Stone Soup version 0.29.1-4-g47bece8355 (webtiles) character file.

Game seed: 15759835324256595420

621 kingsuperguy the Shooter (level 7, -1/61 HPs)
             Began as a Minotaur Berserker on Dec 2, 2022.
             Was a Priest of Trog.
             Succumbed to a scorpion's poison
             ... on level 4 of the Dungeon.
             The game lasted 00:05:38 (4563 turns).

kingsuperguy the Shooter (Minotaur Berserker)       Turns: 4563, Time: 00:05:39

Health: -1/61      AC:  7    Str: 22    XL:     7   Next: 22%
Magic:  6/6        EV: 12    Int:  4    God:    Trog [***...]
Gold:   301        SH:  0    Dex: 11    Spells: 6/6 levels left

rFire   + . .      SeeInvis .   a - +0 mace
rCold   . . .      Faith    +   (no shield)
rNeg    . . .      Spirit   .   p - +0 leather armour
rPois   .          Reflect  .   (helmet restricted)
rElec   .          Harm     .   s - +0 cloak
rCorr   .          Rampage  .   A - +1 pair of gloves
Will    .....                   x - +0 pair of boots {Fly}
Stlth   +.........              g - amulet of faith
HPRegen 0.20/turn               i - ring of protection from fire
MPRegen 0.10/turn               (no ring)

@: lethally poisoned (-1 -> -15), flying
A: horns 2, retaliatory headbutt
a: Renounce Religion, Berserk, Trog's Hand


You were on level 4 of the Dungeon.
You worshipped Trog.
Trog was most pleased with you.
You visited 1 branch of the dungeon, and saw 5 of its levels.

You collected 301 gold pieces.

Inventory:

Hand Weapons
 a - a +0 mace (weapon)
 e - a +2 sling of flaming
Missiles
 o - 5 javelins
 v - 11 poisoned darts
 y - 2 boomerangs
Armour
 b - a +0 animal skin
 m - a +0 pair of gloves
 p - a +0 leather armour (worn)
 s - a +0 cloak (worn)
 x - a +0 pair of boots of flying (worn)
 A - a +1 pair of gloves (worn)
Jewellery
 g - an amulet of faith (around neck)
 i - a ring of protection from fire (left hand)
Scrolls
 c - 2 scrolls of noise {unknown}
 d - a scroll of blinking {unknown}
 f - a scroll of vulnerability {unknown}
 h - 3 scrolls of identify {unknown}
 n - 2 scrolls of fear {unknown}
 q - a scroll of summoning {unknown}
 r - 2 scrolls of teleportation {unknown}
 w - a scroll of fog {unknown}
 B - a scroll of amnesia {unknown}
Potions
 j - a potion of heal wounds {unknown}
 k - a potion of berserk rage {unknown}
 l - 3 potions of attraction {unknown}
 t - a potion of mutation {unknown}
 u - a potion of curing {unknown}
 z - a potion of invisibility {unknown}
 C - 2 potions of might {unknown}


   Skills:
 + Level 5.5 Fighting
 + Level 4.5 Maces & Flails
 + Level 6.4 Ranged Weapons
 + Level 3.1 Armour
 + Level 2.9 Dodging
 + Level 0.6 Stealth


You had 6 spell levels left.
You didn't know any spells.
Your spell library was empty.

Dungeon Overview and Level Annotations

Branches:
Dungeon (5/15)             Temple (0/1) D:4

Altars:
Hepliaklqana
Vehumet
Wu Jian

Annotations:
D:4 2 transporters


Innate Abilities, Weirdness & Mutations

You have a pair of horns on your head.
You reflexively headbutt those who attack you in melee.


Message History

An orc comes into view.
It is wielding a +0 mace and wearing a +2 ring mail of cold resistance.
A gnoll comes into view. It is wielding a +0 club.
You feel sick. The scorpion attacks as you move away!
The scorpion barely misses you.
You feel sick. The scorpion attacks as you move away! The scorpion stings you.
You feel sick.
The scorpion stings you but does no damage.
The scorpion attacks as you move away!
The scorpion stings you but does no damage.
You feel sick.
You feel sick.
You feel sick.
You feel sick.
You feel sick.
You are no longer poisoned.
The scorpion stings you.
You are poisoned.
The scorpion poisons you!
You feel very sick. Something hits you!
Deactivating autopickup; reactivate with Ctrl-A.
Something hits you but does no damage.
You feel very sick. Something hits you. x2
You feel sick. Something hits you but does no damage.
You feel sick. Something hits you.
* * * LOW HITPOINT WARNING * * *
You feel sick. Something hits you but does no damage.
There is a stone staircase leading up here.
You can't go down here!
You feel sick. Something hits you.
* * * LOW HITPOINT WARNING * * *
The scorpion stings you.
* * * LOW HITPOINT WARNING * * *
You are lethally poisoned!
The scorpion poisons you!
You fly upwards.
Level annotation: 2 transporters Reactivating autopickup.
You die...

#......# #.####.######## #.#
#.##.....### #.####.##.###.#.##
####.........# #....##
#.....###.##.###.....# #.#...#
#.##........## #####
#.##..###.#####s.#..#########....
#.##......# #.@.......>...#.###
..###.##### #.##..#####...#.# .##
#.####### #.##..# #.......### ##
#......^# #.#...###.........#
#######.# #......##.......... ##
##.##.###.......###....##.#
.######...#.##.........##.....#.#
...........>.....©..[..'........#
..#####...#.#†#######..####...#.#


You could see a scorpion.

Vanquished Creatures
  A sky beast (D:3)
  A black bear (D:3)
  3 scorpions
  A hound (D:4)
  An orc priest (D:4)
  An iguana (D:5)
  A statue (D:4)
  3 adders (D:2)
  A white imp (D:5)
  An ufetubus (D:5)
  7 worms
  2 dart slugs
  11 orcs
  10 ball pythons
  3 bats
  5 endoplasms
  A giant cockroach (D:4)
  8 goblins
  3 hobgoblins
  2 jackals (D:2)
  2 kobolds
  8 quokkas
  3 frilled lizards
  7 rats
86 creatures vanquished.

Notes
Turn   | Place    | Note
-------+----------+-------------------------------------------
     0 | D:1      | kingsuperguy the Minotaur Berserker began the quest for the
                  | Orb.
     0 | D:1      | Reached XP level 1. HP: 19/19 MP: 0/0
    88 | D:1      | Reached XP level 2. HP: 20/27 MP: 1/1
   645 | D:2      | Reached XP level 3. HP: 19/33 MP: 2/2
   830 | D:2      | Reached ** piety under Trog
   923 | D:2      | Reached skill level 1 in Ranged Weapons
  1119 | D:2      | Reached skill level 2 in Ranged Weapons
  1189 | D:2      | Reached XP level 4. HP: 29/41 MP: 3/3
  1411 | D:3      | Noticed a black bear
  1417 | D:3      | Killed a black bear
  1418 | D:3      | Reached skill level 3 in Ranged Weapons
  1418 | D:3      | Reached XP level 5. HP: 47/47 MP: 4/4
  1423 | D:3      | Reached skill level 4 in Ranged Weapons
  1966 | D:3      | Noticed a sky beast
  1979 | D:3      | Killed a sky beast
  1980 | D:3      | Reached skill level 5 in Fighting
  1980 | D:3      | Reached XP level 6. HP: 29/56 MP: 5/5
  2641 | D:3      | Reached skill level 5 in Ranged Weapons
  2774 | D:4      | Found a transporter.
  2906 | D:4      | Found a transporter.
  3192 | D:4      | Found an ornate altar of the Wu Jian Council.
  3198 | D:4      | Reached *** piety under Trog
  3365 | D:4      | Found a radiant altar of Vehumet.
  3380 | D:4      | Found a staircase to the Ecumenical Temple.
  3759 | D:4      | Reached skill level 6 in Ranged Weapons
  3759 | D:4      | Reached XP level 7. HP: 61/61 MP: 6/6
  3865 | D:4      | Found a hazy altar of Hepliaklqana.
  4035 | D:5      | Entered Level 5 of the Dungeon
  4545 | D:5      | Noticed a wyvern
  4546 | D:5      | Noticed a two-headed ogre
  4563 | D:4      | Succumbed to a scorpion's poison

Illustrated notes

Levels and vault maps discovered:
D:1:      minmay_arrival_hallway, layout_rooms
D:2:      cheibrodos_helix_gallery, layout_rooms, st_stairs_7,
          grunt_ministairs_6
D:3:      layout_loops_ring
D:4:      gammafunk_steamed_eel, layout_loops_corners,
          nicolae_wu_jian_wuxing_cycle, nicolae_hepliaklqana_hippocampus,
          vehumet_statue, minmay_temple_entry_nine_rooms
D:5:      layout_cave_pods, minmay_manual_moon

Skill      XL: |  1  2  3  4  5  6  7 |
---------------+----------------------+-----
Fighting       | 4 5 |  5.5
Maces & Flails | 4 |  4.5
Ranged Weapons | 2 3 4 6 |  6.4
Armour         | 3 |  3.1
Dodging        | |  2.9
Stealth        | |  0.6

Action                   |  1- 3 |  4- 6 |  7- 9 || total
-------------------------+-------+-------+-------++-------
Melee: Mace              |    12 |    24 |     3 ||    39
       Headbutt          |     1 |     4 |       ||     5
       Punch             |       |     1 |       ||     1
 Fire: Sling             |    71 |   133 |    34 ||   238
Invok: Berserk           |       |     1 |     1 ||     2
Armor: Animal skin       |     3 |     3 |       ||     6
       Leather armour    |       |     5 |     8 ||    13
Dodge: Dodged            |    24 |    42 |    16 ||    82
